General information
			
			
        
        - name: BNet
 
        - type: Ladder 1vs1/FFA
 
        - host: Battle.net
 
        - saver: hetchjay
 
        
map: BrokenShard 
        - players: 2
 
        - length: 37:44
 
        - speed: Fast
 - version: 1.22 W3XP
 - replay type:  Public
 
» download(122 KB)
Players
        team 1 (loser) 
              
              
» 
letsplaythedope (
blue | 88 APM | 3327 actions | 37:41)
              
 8 Archmage 
 3 Summon Water Elemental
 3 Brilliance Aura
 1 Blizzard
 1 Mass Teleport
 6 Mountain King 
 3 Storm Bolt
 2 Thunder Clap
 1 Avatar
 5 Paladin 
 2 Holy Light
 3 Divine Shield
 
                » actions 
                
                | Assign group hotkey | 86 |  | 
| Basic commands | 249 |  | 
| Build / train | 206 |  | 
| ESC pressed | 3 |  | 
| Enter build submenu | 54 |  | 
| Enter hero's abilities submenu | 17 |  | 
| Give item / drop item | 16 |  | 
| Right click | 764 |  | 
| Select / deselect | 607 |  | 
| Select group hotkey | 1042 |  | 
| Use ability | 283 |  | 
                3327 total
 » units 
                
                | Peasant | 30 |  | 
| Footman | 15 |  | 
| Priest | 1 |  | 
| Sorceress | 1 |  | 
| Gryphon Rider | 3 |  | 
| Knight | 2 |  | 
| Dragonhawk Rider | 15 |  | 
                67 total
 » upgrades
                
                | Masonry | 3 |  | 
| Swords | 3 |  | 
| Lumber Harvesting | 2 |  | 
| Plating | 3 |  | 
| Priest Training | 2 |  | 
| Sorceress Training | 2 |  | 
| Defend | 1 |  | 
| Long Rifles | 1 |  | 
| Magic Sentry | 1 |  | 
| Animal War Training | 1 |  | 
| Cloud | 1 |  | 
| Storm Hammers | 1 |  | 
| Armor | 3 |  | 
| Control Magic | 1 |  | 
| Flak Cannons | 1 |  | 
| Gunpowder | 3 |  | 
| Fragmentation Shards | 1 |  | 
| Flying Machine Bombs | 1 |  | 
| Flare | 1 |  | 
| Barrage | 1 |  | 
                33 total
 » buildings
                
                | Altar of Kings | 1 |  | 
| Farm | 14 |  | 
| Barracks | 2 |  | 
| Arcane Vault | 1 |  | 
| Town Hall | 4 |  | 
| Scout Tower | 16 |  | 
| Arcane Tower | 6 |  | 
| Lumber Mill | 4 |  | 
| Keep | 1 |  | 
| Blacksmith | 1 |  | 
| Guard Tower | 19 |  | 
| Arcane Sanctum | 2 |  | 
| Workshop | 1 |  | 
| Gryphon Aviary | 2 |  | 
| Castle | 1 |  | 
| Cannon Tower | 1 |  | 
                76 total
 » build order
                00:25 Altar of Kings
00:32 Farm
00:39 Barracks
01:15 Farm
01:18 Farm
01:36 Farm
02:00 Arcane Vault
02:25 Farm
04:01 Town Hall
04:03 Scout Tower
04:34 Arcane Tower
04:35 Arcane Tower
04:47 Scout Tower
05:05 Lumber Mill
05:14 Arcane Tower
05:14 Arcane Tower
05:44 Keep
05:56 Blacksmith
06:04 Scout Tower
06:39 Guard Tower
06:39 Guard Tower
06:40 Guard Tower
06:43 Scout Tower
06:53 Farm
06:56 Farm
07:19 Guard Tower
07:20 Guard Tower
07:20 Guard Tower
08:30 Arcane Sanctum
08:34 Arcane Sanctum
08:41 Workshop
08:43 Gryphon Aviary
09:00 Barracks
09:12 Town Hall
09:21 Scout Tower
09:33 Scout Tower
09:35 Scout Tower
09:39 Scout Tower
10:07 Arcane Tower
10:09 Guard Tower
10:38 Guard Tower
10:50 Castle
11:15 Farm
11:17 Farm
12:20 Lumber Mill
13:31 Gryphon Aviary
16:27 Farm
16:28 Farm
16:30 Farm
16:31 Farm
16:53 Farm
18:57 Scout Tower
19:00 Scout Tower
19:26 Guard Tower
19:28 Guard Tower
19:28 Guard Tower
21:13 Lumber Mill
21:16 Lumber Mill
24:01 Town Hall
24:03 Scout Tower
24:05 Scout Tower
24:08 Scout Tower
24:09 Scout Tower
24:13 Scout Tower
24:16 Scout Tower
24:54 Guard Tower
24:55 Guard Tower
24:55 Guard Tower
32:01 Town Hall
35:19 Cannon Tower
» items
                
                | Scroll of Regeneration | 4 |  | 
| Periapt of Vitality | 3 |  | 
| Boots of Speed | 4 |  | 
| Potion of Lesser Invulnerability | 1 |  | 
| Staff of Teleportation | 1 |  | 
| Scroll of Town Portal | 4 |  | 
| Staff of Sanctuary | 2 |  | 
| Orb of Fire | 2 |  | 
| Potion of Healing | 1 |  | 
| Tome of Retraining | 1 |  | 
| Ivory Tower | 3 |  | 
                26 total
  
               team 2 (winner) 
              
              
hetchjay (
pink | 69 APM | 2590 actions | 37:44)
              
 3 Mountain King 
 2 Storm Bolt
 1 Bash
 3 Paladin 
 2 Holy Light
 1 Divine Shield
 
                » actions 
                
                | Assign group hotkey | 25 |  | 
| Basic commands | 84 |  | 
| Build / train | 85 |  | 
| ESC pressed | 3 |  | 
| Enter build submenu | 49 |  | 
| Enter hero's abilities submenu | 6 |  | 
| Right click | 1033 |  | 
| Select / deselect | 582 |  | 
| Select group hotkey | 598 |  | 
| Use ability | 125 |  | 
                2590 total
 » units 
                
                | Peasant | 16 |  | 
| Footman | 5 |  | 
| Spell Breaker | 3 |  | 
| Sorceress | 2 |  | 
| Priest | 2 |  | 
| Gryphon Rider | 1 |  | 
| Dragonhawk Rider | 5 |  | 
                34 total
 » upgrades
                
                | Lumber Harvesting | 2 |  | 
| Magic Sentry | 1 |  | 
| Masonry | 4 |  | 
| Priest Training | 1 |  | 
                8 total
 » buildings
                
                | Altar of Kings | 1 |  | 
| Farm | 7 |  | 
| Barracks | 2 |  | 
| Lumber Mill | 4 |  | 
| Scout Tower | 42 |  | 
| Keep | 1 |  | 
| Guard Tower | 22 |  | 
| Arcane Vault | 1 |  | 
| Arcane Sanctum | 1 |  | 
| Castle | 1 |  | 
| Town Hall | 3 |  | 
| Arcane Tower | 1 |  | 
| Gryphon Aviary | 2 |  | 
| Blacksmith | 3 |  | 
                91 total
 » build order
                00:08 Altar of Kings
00:23 Farm
00:40 Barracks
00:43 Barracks
01:05 Lumber Mill
01:31 Farm
02:12 Scout Tower
02:13 Scout Tower
02:43 Farm
03:10 Keep
03:23 Guard Tower
03:41 Farm
03:44 Guard Tower
04:44 Arcane Vault
05:09 Scout Tower
05:12 Scout Tower
05:49 Arcane Sanctum
05:56 Guard Tower
06:39 Guard Tower
06:41 Castle
06:48 Scout Tower
07:10 Farm
07:43 Guard Tower
08:25 Scout Tower
08:27 Scout Tower
08:55 Lumber Mill
09:45 Guard Tower
09:59 Scout Tower
09:59 Scout Tower
10:00 Scout Tower
10:02 Scout Tower
10:02 Scout Tower
10:04 Scout Tower
10:06 Scout Tower
10:06 Scout Tower
10:07 Scout Tower
10:08 Scout Tower
10:09 Scout Tower
10:10 Scout Tower
11:07 Guard Tower
11:09 Guard Tower
11:10 Guard Tower
11:10 Guard Tower
11:11 Guard Tower
11:11 Guard Tower
11:20 Guard Tower
12:00 Farm
12:14 Town Hall
12:53 Farm
13:14 Guard Tower
14:19 Scout Tower
14:20 Scout Tower
14:31 Scout Tower
14:32 Scout Tower
16:21 Arcane Tower
16:35 Gryphon Aviary
16:36 Gryphon Aviary
17:27 Blacksmith
17:31 Lumber Mill
17:44 Lumber Mill
19:09 Blacksmith
19:15 Blacksmith
20:56 Scout Tower
20:57 Scout Tower
21:31 Guard Tower
22:01 Guard Tower
22:02 Guard Tower
25:01 Scout Tower
25:03 Scout Tower
25:03 Scout Tower
25:08 Scout Tower
25:09 Scout Tower
25:10 Scout Tower
25:12 Scout Tower
25:12 Scout Tower
25:49 Guard Tower
25:51 Scout Tower
25:53 Scout Tower
25:53 Scout Tower
25:54 Scout Tower
25:55 Scout Tower
25:56 Scout Tower
25:58 Scout Tower
26:00 Scout Tower
26:03 Scout Tower
26:44 Guard Tower
27:05 Guard Tower
27:10 Town Hall
27:34 Town Hall
» items
                
                | Scroll of Regeneration | 4 |  | 
| Mechanical Critter | 1 |  | 
| Scroll of Town Portal | 3 |  | 
| Orb of Fire | 1 |  | 
| Staff of Sanctuary | 1 |  | 
                10 total
  
                Chat log
          
(20:08 / All) letsplaythedope: noob
(28:59 / All) letsplaythedope: fun
(28:59 / All) hetchjay: YOU WIN THIS TIME SCOUNDREL
(29:03 / All) hetchjay: BUT BEWARE
(29:06 / All) hetchjay: NEXT TIME YOU MAY NOT BE SO LUCKY
(29:10 / All) letsplaythedope: why not?
(29:14 / All) hetchjay: MAYBE YOU WILL GET ORC
(29:17 / All) hetchjay: INSTEAD OF HUMAN
(29:17 / All) letsplaythedope: anytime ok like u noob
(29:27 / All) letsplaythedope: towership 2008
(29:29 / All) letsplaythedope: great
(29:34 / All) hetchjay: YOU HAVE BEEN CONFERRED TOWERSHIP
(29:37 / All) letsplaythedope: towership champion of this year
(29:38 / All) letsplaythedope: right?
(29:41 / All) hetchjay: NO
(29:43 / All) hetchjay: THAT WOULD BE BEAR_AND
(29:46 / All) letsplaythedope: fucking towernoob ^^
(29:48 / All) hetchjay: HE IS A FAR GREATER TOWERER THAT I
(29:51 / All) hetchjay: THAN I
(29:53 / All) letsplaythedope: lalalal tower noob
(30:01 / All) hetchjay: I WOULD CALL MYSELF A TOWER AMATERU
(30:03 / All) hetchjay: AMATEUR
(30:08 / All) hetchjay: ONE WHO DOES NOT UTILIZE FULLY HIS STAFF OF SANCTUARY
(30:08 / All) letsplaythedope: lalalal tower noob
(30:17 / All) letsplaythedope: lalalala tower noob~
(30:21 / All) hetchjay: LALALA TOWER NOOB
(30:26 / All) hetchjay: WE ALL GET TOGETHER AND FLOAT IN A TUBE
(30:32 / All) letsplaythedope: sure
(30:39 / All) hetchjay: OUR TOWN IS UNDER SIEGE
(30:44 / All) letsplaythedope: and yes please go gogo
(30:51 / All) hetchjay: FROM?
(30:58 / All) letsplaythedope: lalalala tower noob
(31:00 / All) letsplaythedope: ur ass
(31:10 / All) hetchjay: MINE OWN WASTES HAVE BETRAYED ME
(31:19 / All) hetchjay: LAUNCHING ICE ATTACKS
(31:23 / All) hetchjay: AGAINST MY STALWART FACILITIES
(31:31 / All) letsplaythedope: lalala~
(31:33 / All) letsplaythedope: yes?
(31:34 / All) letsplaythedope: please?
(31:35 / All) letsplaythedope: lalalala tower noob~
(31:39 / All) hetchjay: YES
(31:39 / All) hetchjay: PLEASE
(31:56 / All) letsplaythedope: fucking tower man
(32:01 / All) hetchjay: SORRY I CANNOT
(32:06 / All) hetchjay: I AM OUT OF RESOURCES AND PEASANTRY
(32:07 / All) hetchjay: TO DO THE WORK
(32:10 / All) letsplaythedope: yeah~
(32:12 / All) letsplaythedope: bye bye ass hole
(33:01 / All) hetchjay: OUR FARMS BURN
(33:04 / All) hetchjay: OUR CASTLE IS IN FLAMES
(33:09 / All) hetchjay: BUT OUR SPIRIT IS STRONG
(33:16 / All) letsplaythedope: yeah why not?
(33:23 / All) letsplaythedope: u fucking NAZI kid
(33:42 / All) letsplaythedope: ha
(33:44 / All) hetchjay: NATIONAL SOCIALISM
(33:47 / All) hetchjay: WILL RAIN SUPREME
(33:49 / All) letsplaythedope: : )
(33:53 / All) hetchjay: OUR EAGLES STAND BOLDLY
(34:01 / All) hetchjay: REMNANTS OF A FALLEN BUT GLORIOUS EMPIRE
(34:32 / All) letsplaythedope: u kid have no idea what u r talking about
(34:37 / All) hetchjay: I AM TALKING ABOUT ONE THING
(34:40 / All) hetchjay: LEBENSRAUM
(34:43 / All) hetchjay: MY PEOPLE HAVE RUN OUT OF IT
(34:51 / All) letsplaythedope: I know you are talking about one thing
(34:51 / All) hetchjay: AND YOU, MY GERMANIC BRETHREN
(34:55 / All) hetchjay: HAVE MORE
(34:56 / All) hetchjay: JOIN US
(35:00 / All) hetchjay: IT IS OUR DESTINY
(35:01 / All) letsplaythedope: how to screw up oneself in the fucking game
(35:10 / All) hetchjay: NATIONAL SOCIALISM IS NO GAME
(35:26 / All) letsplaythedope: I am from North Korea
(35:28 / All) letsplaythedope: so what the fuck?
(35:31 / All) letsplaythedope: any problem?
(35:33 / All) hetchjay: NO
(35:36 / All) hetchjay: HOW DID YOU GET ACROSS THE DMZ?
(35:46 / All) letsplaythedope: I did not do that
(35:49 / All) letsplaythedope: u idiot
(35:50 / All) hetchjay: OH
(35:53 / All) hetchjay: DID YOU GO THROUGH CHINA?
(36:04 / All) letsplaythedope: even north korea has the comp line for net
(36:11 / All) letsplaythedope: I am in North Korea now
(36:20 / All) hetchjay: WARCRAFT III WILL NOT WORK IN NORTH KOREA
(36:24 / All) hetchjay: THEY HAVE SET UP A FORCEFIELD
(36:26 / All) letsplaythedope: u fucking white ppl really have no idea what's going on in REAL WORLD
(36:26 / All) hetchjay: TRUST ME
(36:34 / All) hetchjay: I AM NOT WHITE
(36:35 / All) letsplaythedope: we have the nuke already
(36:35 / All) hetchjay: I AM BLACK
(36:38 / All) letsplaythedope: u guys know that
(36:46 / All) hetchjay: I AM A BLACK FROM SEYCHELLES
(36:50 / All) hetchjay: HAVE YOU HEARD OF SEYCHELLES?
(36:53 / All) letsplaythedope: then wtf white house talks like shit now?
(37:02 / All) letsplaythedope: yeah I heard of it
(37:04 / All) hetchjay: NICE
(37:10 / All) letsplaythedope: come channel ASSRIA
(37:11 / All) hetchjay: I HOPE THAT YOU HAVE A LOT OF FOOD
(37:17 / All) letsplaythedope: channel ASSRIA
(37:19 / All) letsplaythedope: come
(37:26 / All) hetchjay: WILL DO BUT NOT TONIGHT
(37:32 / All) hetchjay: GO TO WWW.HIGHPER.CH FOR MORE REPLAYS
(37:40 / All) hetchjay: FAREWELL NK FRIEND
(37:41 / All) letsplaythedope: ok